 Dungeon Crawl Stone Soup version 0.20-a0-960-ge493e74 (webtiles) character file.

104 MrRokkomies the Skirmisher (level 4, 0/42 HPs)
             Began as a Ghoul Monk on Apr 7, 2017.
             Slain by a gnoll
             ... wielding a +0 spear
              (3 damage)
             ... on level 2 of the Dungeon.
             The game lasted 00:02:54 (1880 turns).

MrRokkomies the Skirmisher (Ghoul Monk)             Turns: 1880, Time: 00:02:54

Health: 0/42       AC:  2    Str: 15    XL:     4   Next: 80%
Magic:  3/3        EV: 19    Int:  5    God:
Gold:   75         SH:  0    Dex: 16    Spells: 3/3 levels left

rFire    . . .     SeeInvis .     - Unarmed
rCold    + . .     Gourm    .   (no shield)
rNeg     + + +     Faith    .   a - +0 robe
rPois    ∞         Spirit   .   (no helmet)
rElec    .         Reflect  .   (no cloak)
rCorr    .         Harm     .   (no gloves)
MR       +....                  (no boots)
Stlth    ++++......             (no amulet)
Regen    0.0/turn               c - ring of protection from magic
MPRegen  0.1/turn               d - ring of wizardry

@: agile, rotting
A: rotting body, claws 1, carnivore 3, cold resistance 1, negative energy
resistance 3, inhibited regeneration, torment resistance, unbreathing
a: no special abilities


You were on level 2 of the Dungeon.
You were not hungry.

You visited 1 branch of the dungeon, and saw 2 of its levels.

You collected 75 gold pieces.

Inventory:

Armour
 a - a +0 robe (worn)
Jewellery
 c - a ring of protection from magic (left claw)
 d - a ring of wizardry (right claw)
Scrolls
 f - a scroll of teleportation
 k - a scroll of magic mapping {unknown}
Potions
 j - a potion of mutation {unknown}
Comestibles
 b - a meat ration
 h - a royal jelly
 l - a chunk of flesh


   Skills:
 * Level 5.5 Fighting
 - Level 3.6 Dodging
 - Level 4.3 Stealth
 * Level 3.1 Unarmed Combat


You had 3 spell levels left.
You didn't know any spells.

Dungeon Overview and Level Annotations

Branches:
Dungeon (2/15)

Altars:


Innate Abilities, Weirdness & Mutations

Your body is rotting away.
You thrive on raw meat.
You are immune to poison.
You have sharp fingernails.
You are carnivorous and can eat meat at any time.
Your flesh is cold resistant. (rC+)
You are immune to negative energy. (rN+++)
You do not regenerate when monsters are visible.
You are immune to unholy pain and torment.
You can survive without breathing.


Message History

The gnoll misses you. The gnoll hits you but does no damage.
You scratch the gnoll.
The gnoll is severely wounded.
The gnoll closely misses you. The gnoll barely misses you.
You closely miss the gnoll.
The gnoll is severely wounded.
The gnoll hits you.
The gnoll hits you from afar with a spear!
* * * LOW HITPOINT WARNING * * *
You claw the gnoll!
You kill the gnoll!
The gnoll hits you from afar with a spear.
* * * LOW HITPOINT WARNING * * *
The gnoll barely misses you.
Things that are here:
a spear; a gnoll corpse x2
You scratch the gnoll.
The gnoll is lightly wounded.
The gnoll hits you with a spear.
You die...

### #g. #S# #
#g# #. #@# #..
#.# #...##.#
#......# ##
######.# #.
#.# # #.
#######)######
#. #.
.............#
#. #.
#######.####.#
#.####.


You could see 2 gnolls and an adder.

Vanquished Creatures
  3 adders (D:2)
  2 gnolls (D:2)
  A worm (D:2)
  A dart slug (D:1)
  10 bats
  5 giant cockroaches
  3 goblins
  4 hobgoblins
  7 jackals (D:1)
  7 kobolds
  3 frilled lizards
  6 rats
52 creatures vanquished.

Notes
Turn   | Place    | Note
-------+----------+-------------------------------------------
     0 | D:1      | MrRokkomies the Ghoul Monk began the quest for the Orb.
     0 | D:1      | Reached XP level 1. HP: 22/22 MP: 0/0
   291 | D:1      | Reached XP level 2. HP: 22/27 MP: 1/1
   293 | D:1      | Reached skill level 1 in Unarmed Combat
   596 | D:1      | Reached XP level 3. HP: 23/35 MP: 2/2
   630 | D:1      | Reached skill level 5 in Fighting
  1485 | D:2      | Reached XP level 4. HP: 35/41 MP: 3/3
  1880 | D:2      | Slain by a gnoll

Vault maps used:
D:1:      dpeg_arrival_court
D:2:      tgw_kikubaaqudgha, uniq_jessica

Skill      XL: |  1  2  3  4 |
---------------+-------------+-----
Unarmed Combat | 1 2 3 |  3.1
Fighting       | 5 |  5.5
Dodging        | |  3.6
Stealth        | |  4.3

Action                   |  1- 3 |  4- 6 || total
-------------------------+-------+-------++-------
Melee: Unarmed           |   173 |    56 ||   229
       Punch             |     1 |     2 ||     3
  Use: Scroll            |     1 |       ||     1
       Potion            |       |     3 ||     3
 Stab: Sleeping          |     9 |     2 ||    11
       Distracted        |       |     1 ||     1
  Eat: Chunk             |     2 |     2 ||     4
Armor: Robe              |    43 |     7 ||    50
Dodge: Dodged            |   130 |    38 ||   168
